 Dungeon Crawl Stone Soup version 0.24.0-123-gd5b16e6ec5 (webtiles) character file.

Game seed: 16845296627479582660, levelgen mode: deterministic

159632 bredlej the Severer (level 17, -8/156 HPs)
             Began as a Hill Orc Fighter on Feb 11, 2020.
             Was the Champion of Beogh.
             Hit by a javelin thrown by a merfolk javelineer (18 damage)
             ... on level 4 of the Shoals.
             The game lasted 04:42:59 (29086 turns).

bredlej the Severer (Hill Orc Fighter)             Turns: 29086, Time: 04:43:07

Health: -8/156     AC: 32    Str: 26    XL:     17   Next: 45%
Magic:  0/36       EV:  8    Int: 13    God:    Beogh [******]
Gold:   2640       SH: 17    Dex: 10    Spells: 9/16 levels left

rFire    + . .     SeeInvis .   i - +6 broad axe of Semen {vamp, +Fly rF+ MP+9}
rCold    + . .     Gourm    +   S - +3 shield {rC+}
rNeg     + . .     Faith    .   P - +4 plate armour {rPois}
rPois    +         Spirit   +   I - +2 hat of the Bear Spirit {Spirit, +Rage rN+ MR++}
rElec    .         Reflect  .   F - scarf {repulsion}
rCorr    .         Harm     .   (no gloves)
MR       +++..                  B - +2 pair of boots
Stlth    ..........             a - amulet of the gourmand
HPRegen  0.36/turn              t - +5 ring of strength
MPRegen  0.25/turn              X - +5 ring of protection

@: berserk cooldown, slowed, repel missiles, very slow
A: walk on water
}: 1/15 runes: gossamer
a: Smiting, Recall Orcish Followers, Give Item to Named Follower, Resurrection,
Renounce Religion, Evoke Berserk Rage, Evoke Flight


You were on level 4 of the Shoals.
You worshipped Beogh.
Beogh was exalted by your worship.
You were very full.

You visited 6 branches of the dungeon, and saw 29 of its levels.

You collected 3284 gold pieces.
You spent 644 gold pieces at shops.

Inventory:

Hand Weapons
 i - the +6 broad axe of Semen (weapon) {vamp, +Fly rF+ MP+9}
   (You acquired it on level 9 of the Dungeon)

   It inflicts no extra harm, but heals its wielder when it wounds a living foe.
   It protects you from fire.
   It affects your magic capacity (+9).
   It lets you fly.
 L - a +7 mace of holy wrath
Missiles
 c - 40 javelins
 M - 19 silver javelins (quivered)
Armour
 v - a +2 helmet
 B - a +2 pair of boots (worn)
 F - a scarf of repulsion (worn)
 I - the +2 hat of the Bear Spirit (worn) {Spirit, +Rage rN+ MR++}
   (You acquired it on level 4 of the Shoals)

   It protects you from negative energy.
   It affects your resistance to hostile enchantments.
   It lets you go berserk.
 P - a +4 plate armour of poison resistance (worn)
 S - a +3 shield of cold resistance (worn)
Jewellery
 a - an amulet of the gourmand (around neck)
 b - a +3 ring of intelligence
 l - an uncursed ring of see invisible
 t - a +5 ring of strength (left hand)
 H - an uncursed ring of protection from cold
 X - a +5 ring of protection (right hand)
Wands
 g - a wand of random effects (40)
 h - a wand of scattershot (5)
 A - a wand of digging (10)
 C - a wand of iceblast (13)
 T - a wand of polymorph (44)
 U - a wand of disintegration (44)
 V - a wand of paralysis (16)
 W - a wand of flame (37)
 Y - a wand of enslavement (7)
Scrolls
 e - 4 scrolls of blinking
 k - a scroll of brand weapon
 q - 6 scrolls of identify
 r - 11 scrolls of remove curse
 y - 2 scrolls of fog
 E - 2 scrolls of holy word
 J - 11 scrolls of teleportation
 N - 2 scrolls of fear
 Q - 5 scrolls of magic mapping
 R - 2 scrolls of summoning
Potions
 m - a potion of might
 n - 5 potions of invisibility
 s - 3 potions of magic
 u - 6 potions of flight
 w - 6 potions of curing
 z - 3 potions of resistance
 D - a potion of cancellation
 K - a potion of haste
 O - 3 potions of ambrosia
 Z - 9 potions of agility
Miscellaneous
 d - a crystal ball of energy
 j - a sack of spiders
 x - a box of beasts
 G - a phantom mirror
Comestibles
 f - 43 rations


   Skills:
 + Level 15.3 Fighting
 + Level 20.1 Axes
 * Level 16.1 Armour
 + Level 14.2 Shields
 + Level 14.5 Invocations


You had 9 spell levels left.
You knew the following spells:

 Your Spells              Type           Power        Failure   Level  Hunger
a - Summon Hydra          Summ           #.........   100%        7    #######

Your spell library contained the following spells:

 Spells                   Type           Power        Failure   Level  Hunger
 Beastly Appendage        Tmut           #.....       91%         1    ##.....
 Magic Dart               Conj           #...         91%         1    ##.....
 Sandblast                Erth           #.....       91%         1    ##.....
 Shock                    Conj/Air       #...         91%         1    ##.....
 Blink                    Tloc           N/A          97%         2    ###....
 Call Imp                 Summ           #.......     97%         2    ###....
 Corpse Rot               Necr           N/A          97%         2    ###....
 Passwall                 Tmut/Erth      #.......     97%         2    ###....
 Shroud of Golubria       Chrm/Tloc      #.....       97%         2    ###....
 Slow                     Hex            #.......     97%         2    ###....
 Sticks to Snakes         Tmut           #.......     97%         2    ###....
 Swiftness                Chrm/Air       #.......     97%         2    ###....
 Throw Flame              Conj/Fire      #.....       97%         2    ###....
 Conjure Flame            Conj/Fire      #.......     100%        3    ####...
 Ignite Poison            Fire/Tmut/Pois #.......     100%        3    ####...
 Mephitic Cloud           Conj/Pois/Air  #.......     100%        3    ####...
 Spider Form              Tmut/Pois      #.........   100%        3    ####...
 Static Discharge         Conj/Air       #.......     100%        3    ####...
 Stone Arrow              Conj/Erth      #.....       100%        3    ####...
 Airstrike                Air            #.........   100%        4    #####..
 Force Lance              Conj/Tloc      #.......     100%        4    #####..
 Ice Form                 Ice/Tmut       #.......     100%        4    #####..
 Leda's Liquefaction      Hex/Erth       #.........   100%        4    #####..
 Petrify                  Tmut/Erth      #.......     100%        4    #####..
 Blade Hands              Tmut           #.........   100%        5    ######.
 Fireball                 Conj/Fire      #.........   100%        5    ######.
 Irradiate                Conj/Tmut      #.........   100%        5    ######.
 Lee's Rapid Deconstruct  Erth           #.........   100%        5    ######.
 Lightning Bolt           Conj/Air       #.........   100%        5    ######.
 Summon Forest            Summ/Tloc      #.........   100%        5    ######.
 Bolt of Fire             Conj/Fire      #.........   100%        6    #######
 Hydra Form               Tmut           #.........   100%        6    #######
 Statue Form              Tmut/Erth      #........    100%        6    #######
 Dragon Form              Tmut           #.........   100%        7    #######
 Malign Gateway           Summ/Tloc      #.........   100%        7    #######
 Ring of Flames           Chrm/Fire      #.........   100%        7    #######
 Ignition                 Fire           #.........   100%        8    #######


Dungeon Overview and Level Annotations

Branches:
Dungeon (12/15)            Temple (1/1) D:5            Lair (6/6) D:10
 Shoals (4/4) Lair:3       Spider (4/4) Lair:2        Slime (0/5) Lair:5
    Orc (2/2) D:12            Elf (0/3) Orc:2

Altars:
Ashenzari
Cheibriados
Dithmenos
Elyvilon
Fedhas
Gozag
Hepliaklqana
Kikubaaqudgha
Makhleb
Nemelex Xobeh
Okawaru
Qazlal
Ru
Sif Muna
Trog
Uskayaw
Vehumet
Wu Jian
Xom
Yredelemnul
Zin
The Shining One
Beogh

Shops:
D:5 ?   D:9 ?   Orc:2 [=(:?   Shoals:3 *

Annotations:
Lair:2 exclusion: oklob plant


Message History

The javelin closely misses Hilgar.
The javelin pierces through Bogfrid!
The javelin closely misses Warrok.
The javelin barely misses you.
Bogward no longer looks unusually strong.
The harpy claws you!
* * * LOW HITPOINT WARNING * * *
You block the harpy's attack.
Bogfrid roars a battlecry!
Bogward goes into a battle-frenzy!
Bogward splashes around in the water.
Hilgar hits the merfolk impaler with a +0 war axe!!!
The merfolk impaler dies!
Beogh accepts your kill.
You hear a splash. x2
Hilgar hits the merfolk impaler with a +0 war axe!!
The merfolk impaler barely misses Bogward.
Warrok hits the merfolk impaler with the +5 falchion "Gulo" {antimagic, rElec}!!
The merfolk javelineer throws a javelin.
The javelin pierces through Hilgar!!
The javelin closely misses Bogfrid.
The javelin pierces through you!!
You die...

≈≈≈≈≈≈≈.'m #≈≈≈≈≈≈≈≈≈≈≈≈≈≈
≈≈≈≈≈≈≈m# #≈≈≈≈≈≈≈≈≈≈≈≈≈≈
≈≈≈≈≈≈≈≈## ##≈≈≈≈≈≈≈≈≈≈≈≈≈≈
≈≈≈≈≈≈≈mo#####≈≈..≈≈≈≈.o≈≈≈≈≈
≈≈≈≈≈≈≈)oo≈≈≈≈≈#####≈≈≈≈≈≈≈≈≈
≈≈≈≈≈..."o≈≈≈≈## ##≈≈≈≈≈≈≈≈
≈≈≈≈.....m...≈# #≈≈≈≈≈≈≈≈
≈≈≈....(m.H...# #≈≈≈≈≈≈≈≈
≈≈..####..t(@.# #≈≈≈≈≈≈≈≈
≈≈.# ##....P# #≈≈≈≈≈≈≈≈ ≈≈≈
#.......# ≈≈≈≈≈≈≈ ≈
...≈≈≈≈P.≈≈≈ ≈..≈≈≈≈≈≈≈PP.
.≈≈≈≈≈≈≈≈≈≈≈≈...
≈≈≈≈≈≈≈≈≈≈≈≈≈≈≈≈ .
≈≈≈≈≈≈≈≈≈≈≈≈P≈≈ .... ....


You could see 2 merfolk impalers, a merfolk javelineer, a snapping turtle, a
merfolk, a harpy, the friendly Bogfrid the orc warlord, the friendly Bogward the
orc warlord, the friendly Hilgar the orc warlord and the friendly Warrok the orc
knight.

Vanquished Creatures
  Kirke (Spider:1)
  Ilsuiw (Shoals:2)
  Donald (Orc:2)
  An entropy weaver (Spider:3)
  A spark wasp (Spider:4)
  Azrael (Spider:1)
  4 merfolk javelineers
  Erolcha (D:10)
  A merfolk impaler (Shoals:2)
  Harold (D:9)
  The ghost of puimuR the Severer, a journeyman HOMo of Makhleb (Orc:2)
  4 hydras
  4 merfolk aquamancers
  Erica (D:8)
  The ghost of Xerdoz the Martial Artist, a novice OpTm of Sif Muna (Lair:1)
  A satyr (Shoals:3)
  A death yak (D:10)
  A tengu warrior (D:10)
  Urug (Lair:2)
  Sonja (Lair:2)
  An orc high priest (Orc:1)
  8 sea snakes
  Pikel (D:5)
  7 harpies
  4 orb spiders
  8 manticores
  2 ugly things (D:11)
  7 wolf spiders
  3 cyclopes
  2 fauns
  A moth of wrath (Spider:4)
  A salamander (Lair:1)
  8 elephants
  6 merfolk sirens
  3 black mambas
  A torpor snail (Spider:2)
  Maurice (D:12)
  5 water nymphs
  A gargoyle (D:12)
  7 spiny frogs
  7 demonic crawlers
  4 komodo dragons
  2 ice devils (D:12)
  9 jumping spiders
  3 trolls
  16 merfolk
  A meliai (Spider:2)
  5 polar bears
  5 wind drakes
  9 dream sheep
  Grinder (D:4)
  8 hornets
  13 blink frogs
  A harpy skeleton (D:12)
  5 hippogriffs
  A meliai zombie (D:12)
  4 snapping turtles
  A fire elemental (Spider:1)
  2 wyverns
  15 redbacks
  7 spriggans (Lair:6)
  A wraith (D:10)
  38 yaks
  Sigmund (D:2)
  11 water elementals
  5 tarantellas
  Eustachio (D:4)
  3 basilisks
  3 hungry ghosts
  Menkaure (D:6)
  9 water moccasins
  A hell hound (Spider:1)
  6 porcupines
  7 orc warriors
  5 ice beasts
  2 black bears (Lair:6)
  A hornet zombie (D:8)
  A sky beast (D:5)
  6 phantoms
  A necrophage (D:9)
  7 ogres
  3 boggarts (Lair:6)
  3 centaurs
  48 wolves
  9 crocodiles
  2 big kobolds (D:9)
  A gnoll sergeant (D:8)
  4 bullfrogs
  A wyvern zombie (D:9)
  A scorpion (D:8)
  3 howler monkeys (D:11)
  An electric eel (Lair:3)
  5 crimson imps
  3 bullfrog zombies
  6 hounds
  A lava snake (Lair:1)
  6 jellies
  7 orc priests
  2 centaur skeletons
  2 bullfrog skeletons
  5 iguanas
  Ijyb (D:4)
  Natasha (thrice) (D:2)
  12 orc wizards
  8 worker ants
  A killer bee zombie (D:6)
  3 hound skeletons
  A howler monkey zombie (D:10)
  A worker ant zombie (D:11)
  Robin (D:2)
  16 gnolls
  A howler monkey skeleton (D:7)
  12 adders
  2 shadow imps
  4 oozes
  An adder zombie (D:7)
  3 worms
  4 dart slugs
  4 leopard geckos
  34 orcs
  3 giant cockroaches
  13 goblins
  10 hobgoblins
  4 jackals
  4 quokkas
  8 bats
  12 frilled lizards
  13 kobolds
  A quokka zombie (D:3)
  6 rats
  5 fungi
  4 plants
643 creatures vanquished.

Vanquished Creatures (collateral kills)
  Bai Suzhen (Spider:3)
  Nikola (Shoals:2)
  3 ghost moths
  4 emperor scorpions
  3 entropy weavers
  2 spark wasps
  3 merfolk impalers
  2 merfolk javelineers (Shoals:4)
  3 hydras
  2 merfolk avatars (Shoals:3)
  3 merfolk aquamancers
  An alligator snapping turtle (Shoals:4)
  4 orc high priests (Orc:2)
  7 sea snakes
  4 orc knights (Orc:2)
  6 harpies
  9 orb spiders
  20 wolf spiders
  5 manticores
  A cyclops (Shoals:3)
  A centaur zombie (D:11)
  A moth of wrath (Spider:3)
  A black mamba (Lair:6)
  A torpor snail (Spider:2)
  A water nymph (Shoals:3)
  3 merfolk sirens
  2 spiny frogs (Lair:6)
  A rime drake (Lair:5)
  3 komodo dragons
  10 demonic crawlers
  10 merfolk
  2 meliai (Spider:2)
  A polar bear (Lair:5)
  2 wind drakes
  4 hornets
  24 jumping spiders
  A blink frog (Lair:4)
  2 hippogriffs
  12 dream sheep
  2 snapping turtles
  5 spriggans (Lair:6)
  A wraith (D:12)
  41 redbacks
  18 tarantellas
  11 yaks
  4 water elementals
  2 fire elementals (Spider:1)
  A steam dragon (D:12)
  A basilisk (Lair:6)
  2 wargs
  2 water moccasins (Lair:3)
  A hell hound (Spider:1)
  5 ogres
  4 orc warriors
  8 wolves
  A boggart (Lair:6)
  3 centaurs
  A crocodile (Lair:6)
  2 bullfrogs
  2 electric eels
  A lava snake (Lair:6)
  4 orc wizards
  10 orc priests
  3 gnolls (Orc:2)
  An adder (D:11)
  5 orcs
  2 fungi (Lair:5)
  9 plants
318 creatures vanquished.

Vanquished Creatures (others)
  3 orc knights
  An orc high priest (Spider:4)
  3 orc sorcerers
  A human (Spider:1)
  12 orc warriors
  16 orc priests
  5 orc wizards
  29 orcs
  9 fungi
  14 plants
93 creatures vanquished.

Grand Total: 1054 creatures vanquished

Notes
Turn   | Place    | Note
-------+----------+-------------------------------------------
     0 | D:1      | bredlej the Hill Orc Fighter began the quest for the Orb.
     0 | D:1      | Reached XP level 1. HP: 19/19 MP: 1/1
    45 | D:1      | Reached skill level 3 in Axes
    60 | D:1      | Reached XP level 2. HP: 27/27 MP: 2/2
   372 | D:1      | Reached XP level 3. HP: 33/33 MP: 3/3
   552 | D:2      | Noticed Robin
  1108 | D:2      | Killed Robin
  1108 | D:2      | Reached skill level 4 in Axes
  1209 | D:2      | Noticed Natasha
  1215 | D:2      | Killed Natasha
  1215 | D:2      | Reached XP level 4. HP: 33/40 MP: 4/4
  1347 | D:2      | Noticed Natasha
  1358 | D:2      | Killed Natasha
  1498 | D:2      | Reached XP level 5. HP: 47/47 MP: 5/5
  1576 | D:2      | Noticed Natasha
  1672 | D:2      | Killed Natasha
  1956 | D:2      | Noticed Sigmund
  1967 | D:2      | Killed Sigmund
  1967 | D:2      | Reached skill level 5 in Axes
  1967 | D:2      | Reached XP level 6. HP: 48/55 MP: 6/6
  2464 | D:3      | Found a shadowy altar of Dithmenos.
  2679 | D:3      | Found a faded altar of an unknown god.
  2806 | D:3      | Reached skill level 5 in Fighting
  2945 | D:3      | Reached skill level 6 in Axes
  3150 | D:4      | Noticed Ijyb
  3170 | D:4      | Killed Ijyb
  3266 | D:4      | Reached XP level 7. HP: 61/61 MP: 7/7
  3520 | D:4      | Noticed Grinder
  3526 | D:4      | Paralysed by Grinder for 4 turns
  3540 | D:4      | Killed Grinder
  3540 | D:4      | Reached skill level 7 in Axes
  3540 | D:4      | Reached skill level 5 in Armour
  3540 | D:4      | Reached skill level 5 in Shields
  3565 | D:4      | Noticed Eustachio
  3580 | D:4      | Killed Eustachio
  3580 | D:4      | Reached XP level 8. HP: 60/70 MP: 8/8
  3637 | D:5      | Entered Level 5 of the Dungeon
  3683 | D:5      | Reached skill level 8 in Axes
  3702 | D:5      | Found Sonistre's Magic Scroll Shop.
  3744 | D:5      | Bought a scroll of identify for 24 gold pieces
  3744 | D:5      | Bought a scroll of identify for 24 gold pieces
  3744 | D:5      | Bought a scroll of identify for 24 gold pieces
  3744 | D:5      | Bought a scroll of identify for 24 gold pieces
  3744 | D:5      | Bought a scroll of enchant armour for 90 gold pieces
  3870 | D:5      | Found a staircase to the Ecumenical Temple.
  3876 | D:5      | Found a stormy altar of Qazlal.
  3883 | Temple   | Entered the Ecumenical Temple
  4944 | D:6      | Became a worshipper of Beogh the Brigand
  4966 | D:6      | Reached skill level 9 in Axes
  4998 | D:6      | Noticed Pikel
  5408 | D:6      | Reached XP level 9. HP: 45/79 MP: 9/9
  5536 | D:6      | Noticed Menkaure
  5546 | D:6      | Killed Menkaure
  5655 | D:6      | Reached skill level 10 in Axes
  5958 | D:5      | Killed Pikel
  6570 | D:7      | Found a shattered altar of Ashenzari.
  6854 | D:7      | Reached skill level 1 in Invocations
  7038 | D:7      | Reached skill level 11 in Axes
  7041 | D:7      | Reached * piety under Beogh
  7627 | D:8      | Reached XP level 10. HP: 67/88 MP: 11/11
  7639 | D:8      | Noticed Erica
  7827 | D:8      | Killed Erica
  8019 | D:8      | Reached skill level 12 in Axes
  8396 | D:8      | Reached ** piety under Beogh
  9914 | D:9      | Found Adudin's Magic Scroll Shoppe.
  9971 | D:9      | Bought a scroll of identify for 24 gold pieces
  9971 | D:9      | Bought a scroll of enchant weapon for 90 gold pieces
  9975 | D:9      | Identified 2 scrolls of acquirement
  9980 | D:9      | Got a crude broad axe
  9982 | D:9      | Identified the +6 broad axe of Semen {vamp, +Fly rF+ MP+9}
                  | (You acquired it on level 9 of the Dungeon)
 10335 | D:9      | Found a shimmering blue altar of Sif Muna.
 11622 | D:9      | Noticed Harold
 11623 | D:9      | Paralysed by Harold for 3 turns
 11628 | D:9      | Paralysed by Harold for 5 turns
 11635 | D:9      | Killed Harold
 11635 | D:9      | Reached skill level 13 in Axes
 11635 | D:9      | Reached skill level 5 in Invocations
 11635 | D:9      | Reached XP level 11. HP: 96/96 MP: 14/14
 11703 | D:10     | Entered Level 10 of the Dungeon
 11789 | D:10     | Noticed Erolcha
 11810 | D:10     | Killed Erolcha
 12029 | D:10     | Noticed a death yak
 12068 | D:10     | Killed a death yak
 12146 | D:10     | Found a staircase to the Lair.
 12497 | Lair:1   | Entered Level 1 of the Lair of Beasts
 12564 | Lair:1   | Reached *** piety under Beogh
 12612 | D:10     | Noticed a tengu warrior
 12627 | D:10     | Killed a tengu warrior
 12627 | D:10     | Reached skill level 10 in Fighting
 12627 | D:10     | Reached skill level 14 in Axes
 12928 | Lair:1   | Noticed Xerdoz's ghost (novice OpTm)
 12935 | Lair:1   | Found a runed translucent door.
 12965 | Lair:1   | Killed Xerdoz's ghost
 13089 | Lair:1   | Reached XP level 12. HP: 98/105 MP: 17/17
 13313 | Lair:1   | Noticed a four-headed hydra
 13886 | Lair:1   | Killed a four-headed hydra
 13886 | Lair:1   | Reached skill level 15 in Axes
 14169 | Lair:2   | Noticed Urug
 14180 | Lair:2   | Killed Urug
 14180 | Lair:2   | Reached skill level 10 in Shields
 14278 | Lair:2   | Found a hole to the Spider Nest.
 14452 | Lair:2   | Reached skill level 10 in Armour
 14492 | Lair:2   | Noticed a seven-headed hydra
 14562 | Lair:1   | Killed a seven-headed hydra
 14828 | Lair:2   | Found a blossoming altar of Fedhas.
 15105 | Lair:2   | Noticed Sonja
 15117 | Lair:2   | Killed Sonja
 15453 | Lair:3   | Reached **** piety under Beogh
 15668 | Lair:3   | Reached skill level 16 in Axes
 15673 | Lair:3   | Reached XP level 13. HP: 110/115 MP: 19/19
 15953 | Lair:3   | Gained Judas as an ally
 16139 | Lair:3   | Found a staircase to the Shoals.
 16430 | Lair:4   | Your ally Judas died
 17238 | Lair:4   | Reached ***** piety under Beogh
 17798 | Lair:5   | Found a staircase to the Slime Pits.
 17808 | Lair:5   | Gained Hilgar as an ally
 17951 | Lair:5   | Reached skill level 10 in Invocations
 18424 | Lair:6   | Entered Level 6 of the Lair of Beasts
 18465 | Lair:6   | Reached skill level 17 in Axes
 18545 | Lair:6   | Learned a level 7 spell: Summon Hydra
 18740 | Lair:6   | Reached XP level 14. HP: 125/125 MP: 21/21
 18837 | Lair:6   | Got a smoking falchion
 18838 | Lair:6   | Identified the +5 falchion "Gulo" {antimagic, rElec} (You
                  | found it on level 6 of the Lair of Beasts)
 19888 | D:11     | Reached skill level 18 in Axes
 19891 | D:11     | Gained Oruk as an ally
 19913 | D:11     | Gained Bogbrand as an ally
 20408 | D:12     | Reached ****** piety under Beogh
 20408 | D:12     | Gained Bogmar as an ally
 20458 | D:12     | Noticed Maurice
 20468 | D:12     | Killed Maurice
 20541 | D:12     | Found a staircase to the Orcish Mines.
 20794 | D:12     | Found a frozen archway.
 20924 | Orc:1    | Entered Level 1 of the Orcish Mines
 21099 | Orc:1    | Found a roughly hewn altar of Beogh.
 21173 | Orc:2    | Entered Level 2 of the Orcish Mines
 21264 | Orc:2    | Found a runed translucent door.
 21282 | Orc:2    | Noticed Donald
 21286 | Orc:2    | Noticed puimuR's ghost (journeyman HOMo)
 21289 | Orc:2    | Killed Donald
 21299 | Orc:2    | Killed puimuR's ghost
 21384 | Orc:2    | Found Neonlair's Magic Scroll Emporium.
 21399 | Orc:2    | Bought a scroll of identify for 32 gold pieces
 21399 | Orc:2    | Bought a scroll of teleportation for 48 gold pieces
 21399 | Orc:2    | Bought a scroll of enchant weapon for 120 gold pieces
 21399 | Orc:2    | Bought a scroll of identify for 32 gold pieces
 21399 | Orc:2    | Bought a scroll of fear for 56 gold pieces
 21641 | Orc:2    | Your ally Bogmar died
 21692 | Orc:2    | Found Ziky's Book Shoppe.
 21695 | Orc:2    | Found Sagoox Witi's Jewellery Shoppe.
 21696 | Orc:2    | Found Merphok's Armour Shoppe.
 21697 | Orc:2    | Found Jufiam's Weapon Emporium.
 21779 | Orc:2    | Found a staircase to the Elven Halls.
 22675 | Spider:1 | Entered Level 1 of the Spider Nest
 22777 | Spider:1 | Noticed Azrael
 22786 | Spider:1 | Killed Azrael
 22786 | Spider:1 | Reached XP level 15. HP: 136/136 MP: 23/23
 22881 | Spider:1 | Noticed Kirke
 22902 | Spider:1 | Killed Kirke
 23615 | Spider:2 | Noticed an emperor scorpion
 23624 | Spider:2 | Killed an emperor scorpion
 24076 | Spider:2 | Killed a ghost moth
 24131 | Spider:2 | Gained Dorog as an ally
 24340 | Spider:2 | Reached skill level 19 in Axes
 24355 | Spider:2 | Your ally Oruk died
 24465 | Spider:2 | Noticed an emperor scorpion
 24469 | Spider:2 | Killed an emperor scorpion
 24768 | Spider:3 | Gained Warrok as an ally
 24771 | Spider:3 | Gained Bogfrid as an ally
 24775 | Spider:3 | Noticed Bai Suzhen
 24780 | Spider:3 | Gained Bogward as an ally
 24787 | Spider:3 | Killed Bai Suzhen
 24807 | Spider:3 | Noticed an emperor scorpion
 24808 | Spider:3 | Your ally Dorog died
 24816 | Spider:3 | Killed an emperor scorpion
 25347 | Spider:4 | Entered Level 4 of the Spider Nest
 25856 | Spider:4 | Reached XP level 16. HP: 146/146 MP: 25/25
 25899 | Spider:4 | Gained Orgrim as an ally
 25924 | Spider:4 | Your ally Bogbrand died
 26051 | Spider:4 | Your ally Orgrim died
 26097 | Spider:4 | Got a gossamer rune of Zot
 26497 | Shoals:1 | Entered Level 1 of the Shoals
 27015 | Shoals:2 | Noticed Ilsuiw
 27055 | Shoals:2 | Killed Ilsuiw
 27067 | Shoals:2 | Reached skill level 15 in Armour
 27172 | Shoals:2 | Noticed Nikola
 27185 | Shoals:2 | Killed Nikola
 27769 | Shoals:3 | Found Ylof's General Store.
 27778 | Shoals:3 | Bought a scroll of identify for 28 gold pieces
 27778 | Shoals:3 | Bought a scroll of identify for 28 gold pieces
 27800 | Shoals:3 | Reached XP level 17. HP: 132/154 MP: 27/27
 28169 | Shoals:4 | Entered Level 4 of the Shoals
 28211 | Shoals:4 | Reached skill level 15 in Fighting
 28274 | Shoals:4 | Reached skill level 20 in Axes
 28280 | Shoals:4 | Identified the Collected Works on the Voyage and Heat
 28814 | Shoals:4 | Found the +2 hat of the Bear Spirit {Spirit, +Rage rN+
                  | MR++}
 29086 | Shoals:4 | Hit by a javelin thrown by a merfolk javelineer

Levels and vault maps discovered:
D:1:      roderic_dead_forest, layout_rooms, kennysheep_crisscross,
          eino_curves_03, nrook_campfire, minmay_lizard_pond
D:2:      layout_basic, nrook_mini_vaults, uniq_sigmund, uniq_natasha,
          uniq_robin
D:3:      layout_loops_cross, chequers_ecumenical_altar_simple_redux,
          first_ration, kennysheep_small_spiral, minmay_statues_item,
          nicolae_dithmenos_shadow_blocks
D:4:      layout_rooms, minmay_misc_feat_rugged, uniq_grinder, uniq_ijyb,
          uniq_eustachio
D:5:      layout_loops_corners, minmay_temple_entry_statues_pillars,
          serial_shops, shop_statue, nicolae_qazlal_general_emergency
D:6:      layout_layer_cave, uniq_pikel, uniq_menkaure
D:7:      layout_loops_corners, cheibrodos_ashenzari_chains,
          minmay_a_box_with_orc_wizards_in_it
D:8:      layout_loops_ring, uniq_erica
D:9:      layout_stronghold, basic_altar, serial_shops, shop_scrolls,
          uniq_harold
D:10:     layout_basic, david_lair_generic, grunt_tengu_nest,
          minmay_misc_feat_four_crosses, uniq_erolcha
D:11:     layout_cave_pools, gauntlet_entry_generic, nrook_pool_corridor
D:12:     layout_cave_pools, orc_0_dummy, portal_ice_cave_demonic_guard,
          uniq_maurice
Temple:   roderic_octagonal_lattice_temple
Lair:1:   layout_gridlike, hellmonk_ghost_happy_afterlife,
          nicolae_quartered_pool_little, infiniplex_staircase_pool_2
Lair:2:   layout_chaotic_city, nicolae_spider_entry_orb_guardian,
          enter_volcano_2, tgw_fedhas, uniq_sonja, uniq_urug
Lair:3:   layout_misc_corridors, elwin_shoals_entry_rooms,
          grunt_forest_large_clearings, lemuel_fruit_fields
Lair:4:   layout_loops_ring, serial_bayou_shore_a, grunt_megastairs_3,
          infiniplex_staircase_pool
Lair:5:   layout_loops_ring, nicolae_slime_entry_slimehenge,
          chequers_serial_rivers_marsh, grunt_megastairs_5
Lair:6:   minmay_lair_end_enchanted_forest, layout_gridlike,
          grunt_forest_stairs_basic
Shoals:1: layout_shoals, nicolae_shoals_water_elemental_grotto
Shoals:2: layout_shoals, uniq_nikola, uniq_ilsuiw
Shoals:3: layout_shoals, serial_shops, nicolae_shop_crystal
Shoals:4: shoals_end_simple, layout_shoals, shoals_ilsuiw_ice,
          nicolae_shoals_wave_tunnel
Spider:1: layout_spider_delve, uniq_azrael, uniq_kirke
Spider:2: layout_spider_delve, worms_lemuel
Spider:3: layout_spider_delve, uniq_bai_suzhen
Spider:4: grunt_spider_rune_parallel
Orc:1:    layout_caves, kennysheep_orc_chapel
Orc:2:    st_orc_pillars, layout_diamond_mine, gammafunk_ghost_grave,
          serial_shops, shop, uniq_donald

Skill      XL: |  1  2  3  4  5  6  7  8  9 10 11 12 13 14 15 16 17 |
---------------+----------------------------------------------------+-----
Axes           | 3 4 5 6 7 9 11 13 14 16 17 18 19 20 | 20.1
Fighting       | 4 5 6 7 8 9 10 11 12 13 14 15 | 15.3
Armour         | 4 5 6 7 8 9 10 11 12 14 15 16 | 16.1
Shields        | 4 5 6 7 8 9 10 11 12 13 14 | 14.2
Invocations    | 2 5 7 9 10 11 13 14 | 14.5

Action                   |  1- 3 |  4- 6 |  7- 9 | 10-12 | 13-15 | 16-18 || total
-------------------------+-------+-------+-------+-------+-------+-------++-------
Melee: War axe           |   122 |   158 |   473 |   285 |       |       ||  1038
       Broad axe         |       |       |       |   384 |   822 |   497 ||  1703
       Mace              |       |       |       |    25 |    22 |       ||    47
Throw: Stone             |    22 |    26 |       |       |       |       ||    48
       Dart              |       |     3 |     8 |     4 |       |       ||    15
       Javelin           |       |       |       |     4 |    49 |    14 ||    67
Invok: Convert to Beogh  |       |       |     1 |       |       |       ||     1
       Smiting           |       |       |       |     1 |    24 |    12 ||    37
       Recall Orcish Fol |       |       |       |       |     4 |     1 ||     5
       Give Item to Name |       |       |       |       |     4 |     1 ||     5
Evoke: Wand              |       |       |       |     9 |     2 |     5 ||    16
  Use: Potion            |       |     1 |       |       |     6 |     6 ||    13
       Scroll            |       |     7 |    11 |    17 |    24 |     5 ||    64
 Stab: Invisible         |       |       |     1 |       |       |       ||     1
       Paralysed         |       |       |       |     2 |       |     1 ||     3
       Distracted        |       |       |       |       |     7 |     7 ||    14
  Eat: Chunk             |     1 |     7 |     7 |    20 |    53 |    15 ||   103
       Ration            |       |       |     2 |     2 |     2 |       ||     6
Armor: Scale mail        |    60 |    39 |       |       |       |       ||    99
       Chain mail        |       |    12 |   295 |   345 |   244 |       ||   896
       Plate armour      |       |       |       |       |   220 |   325 ||   545
Dodge: Dodged            |    49 |    43 |   104 |   216 |   172 |   126 ||   710
       Deflected         |       |       |       |     3 |     3 |    27 ||    33
Block: Shield            |    70 |    58 |   269 |   492 |   612 |   402 ||  1903
